 Dungeon Crawl Stone Soup version 0.26-a0-663-g36e8fdb655 (webtiles) character file.

Game seed: 4350704694361186278

14 lunkers the Sneak (level 2, 0/19 HPs)
             Began as a Kobold Delver on Oct 12, 2020.
             Slain by an adder (2 damage)
             ... on level 2 of the Dungeon.
             The game lasted 00:01:20 (587 turns).

lunkers the Sneak (Kobold Delver)                    Turns: 587, Time: 00:01:21

Health: 0/19       AC:  3    Str:  9    XL:     2   Next: 55%
Magic:  2/2        EV: 14    Int: 11    God:
Gold:   69         SH:  0    Dex: 16    Spells: 1/1 levels left

rFire    . . .     SeeInvis .   a - +0 short sword
rCold    . . .     Faith    .   (shield restricted)
rNeg     . . .     Spirit   .   b - +0 leather armour
rPois    .         Reflect  .   (no helmet)
rElec    .         Harm     .   (no cloak)
rCorr    .         Rampage  .   (no gloves)
MR       .....                  (no boots)
Stlth    ++++......             (no amulet)
HPRegen  0.06/turn              (no ring)
MPRegen  0.08/turn              (no ring)

@: lethally poisoned (0 -> -3)
A: small, nightstalker 3
a: no special abilities


You were on level 2 of the Dungeon.
You visited 1 branch of the dungeon, and saw 4 of its levels.

You collected 69 gold pieces.

Inventory:

Hand Weapons
 a - a +0 short sword (weapon)
Armour
 b - a +0 leather armour (worn)
Wands
 g - a wand of digging (3)
Scrolls
 c - a scroll of fog
 d - a scroll of magic mapping
 e - a scroll of fear
 j - a scroll of noise {unknown}
Potions
 f - a potion of haste
 h - a potion of might {unknown}
 i - a potion of degeneration {unknown}


   Skills:
 - Level 3.2 Fighting
 + Level 3.4 Short Blades
 - Level 2.4 Dodging
 + Level 7.0 Stealth


You had one spell level left.
You didn't know any spells.
Your spell library was empty.

Dungeon Overview and Level Annotations

Branches:
Dungeon (5/15)
 Temple: D:4-7

Altars:


Innate Abilities, Weirdness & Mutations

You are small and have problems with some larger weapons.
You are completely attuned to the shadows.


Message History

You barely miss the adder.
The adder is moderately wounded.
The adder completely misses you.
You closely miss the adder.
The adder is moderately wounded.
The adder bites you.
* * * LOW HITPOINT WARNING * * *
The adder bites you.
* * * LOW HITPOINT WARNING * * *
You closely miss the adder.
The adder is moderately wounded.
The adder bites you.
* * * LOW HITPOINT WARNING * * *
You are lethally poisoned!
The adder poisons you!
You hit the adder.
The adder is moderately wounded.
* * * LOW HITPOINT WARNING * * *
You feel sick. The adder bites you.
You die...

.# .#
#####.###
...S.....
###@###
#.......
#.#.###.
####.#.#
....>#.#
######.#


You could see an adder.

Vanquished Creatures
  An adder (D:5)
  An orc (D:3)
  A giant cockroach (D:3)
  A kobold (D:3)
4 creatures vanquished.

Notes
Turn   | Place    | Note
-------+----------+-------------------------------------------
     0 | D:5      | lunkers the Kobold Delver began the quest for the Orb.
     0 | D:5      | Reached XP level 1. HP: 14/14 MP: 1/1
     8 | D:5      | Noticed an ogre
    22 | D:5      | Reached XP level 2. HP: 12/19 MP: 2/2
   248 | D:3      | Reached skill level 7 in Stealth
   587 | D:2      | Slain by an adder

Illustrated notes

Levels and vault maps discovered:
D:2:      cheibrodos_old_hovel, layout_basic, uniq_terence, uniq_robin
D:3:      layout_basic, zin_statuary, uniq_purgy, uniq_ijyb
D:4:      layout_basic, old_standard_altar,
          minmay_temple_entry_drinking_statues, uniq_pikel
D:5:      layout_gridville, eat_drink_and_be_merry_uskayaw,
          hangedman_abyss_or_decor_stabs, uniq_crazy_yiuf_cottage

Skill      XL: |  1  2 |
---------------+-------+-----
Short Blades   | 3 |  3.4
Stealth        | 7 |  7.0
Fighting       | |  3.2
Dodging        | |  2.4

Action                   || total
-------------------------++-------
Melee: Short sword       ||    38
 Stab: Sleeping          ||     1
Armor: Leather armour    ||     3
Dodge: Dodged            ||    19

Table legend: (Time is in decaauts)
 A = Elapsed time spent in this place.
 B = Non-inter-level travel time spent in this place.
 C = Inter-level travel time spent in this place.
 D = Time resting spent in this place.
 E = Time spent auto-exploring this place.
 F = Levels seen in this place.
 G = Mean time per level.
                   A        B        C        D        E       F      G
               +--------+--------+--------+--------+--------+-----+--------+
         Total |    584 |    584 |      0 |    292 |    151 |   4 |  146.0 |
       Dungeon |    584 |    584 |      0 |    292 |    151 |   4 |  146.0 |
               +--------+--------+--------+--------+--------+-----+--------+

Top non-repeatable levels by time:
     D:3: 384 daAuts
     D:5: 138 daAuts
     D:4: 51 daAuts
     D:2: 9 daAuts
